SNL (28 & UNDER)
MEMPHIS BLUES @ WEST PALM REDS
09/01/2023
 
TOP OF THE 1ST
Memphis Blues batting - Pitching for West Palm Reds : LHP Pat Candelária
Pitching: LHP Pat Candelária
Batting: LHB Kieran Farris 0-0: SINGLE (Line Drive, 78S)
Batting: RHB Jorge Fuentes 0-0: Swinging Strike
0-1: Foul Ball, location: 2F
0-2: Ball
1-2: Strikes out swinging
Batting: RHB Peyton Pennington 0-0: Called Strike
0-1: Ball
1-1: SINGLE (Groundball, 56D)
Kieran Farris to second
Batting: LHB Félix García 0-0: Called Strike
0-1: Foul Ball, location: 2F
0-2: Ball
1-2: Strikes out swinging
Batting: LHB Arturo Rivera 0-0: SINGLE (Groundball, 3S)
Kieran Farris to third
Peyton Pennington to second
Batting: RHB Sadao Kato 0-0: Ball
1-0: Swinging Strike
1-1: Foul Ball, location: 2F
1-2: Ball
2-2: Ground out 1-3 (Groundball, 15)
Top of the 1st over - 0 run(s), 3 hit(s), 0 error(s), 3 left on base; Memphis 0 - West Palm 0
BOTTOM OF THE 1ST
West Palm Reds batting - Pitching for Memphis Blues : RHP Kunihiko Daikawa
Pitching: RHP Kunihiko Daikawa
Batting: SHB Francis Shaffer 0-0: Ball
1-0: Ball
2-0: Ball
3-0: Base on Balls
Batting: RHB Juan Vareas 0-0: Ball
1-0: Ball
2-0: Ball
3-0: Base on Balls
Francis Shaffer to second
Batting: LHB Enrique Cortéz 0-0: Ball
1-0: Called Strike
1-1: Foul Ball, location: 2F
1-2: Ball
2-2: SINGLE (Flyball, 7S)
Francis Shaffer to third
Juan Vareas to second
Batting: LHB Jeff McKinney 0-0: Ball
1-0: Foul Ball, location: 2F
1-1: Reached on Error, E8 (Flyball, 8RM)
Francis Shaffer scores
Juan Vareas to third
Enrique Cortéz to second
Batting: SHB Todd Smith 0-0: Foul Ball, location: 2F
0-1: Called Strike
0-2: Ball
1-2: Fielders Choice at 2nd, 3-6 (Groundball, 3)
Juan Vareas scores
Enrique Cortéz to third
Batting: RHB Jack Ray 0-0: Ball
1-0: Swinging Strike
1-1: Called Strike
1-2: Foul Ball, location: 2F
1-2: Ball
2-2: Ball
3-2: Fly out, F9 (Flyball, 9LD)
Runner from 3rd tags up, SCORES, no throw
Batting: LHB Jeff Doss 0-0: Swinging Strike
0-1: Ball
1-1: Ball
2-1: Ground out 4-3 (Groundball, 4)
Bottom of the 1st over - 3 run(s), 1 hit(s), 1 error(s), 1 left on base; Memphis 0 - West Palm 3
TOP OF THE 2ND
Memphis Blues batting - Pitching for West Palm Reds : LHP Pat Candelária
Batting: RHB Bob Orr 0-0: Bunted foul
0-1: Ball
1-1: Called Strike
1-2: Fly out, F4 (Line Drive, 4)
Batting: RHB Glenn Johnson 0-0: Foul Ball, location: 2F
0-1: Ball
1-1: Foul Ball, location: 2F
1-2: Foul Ball, location: 2F
1-2: Ball
2-2: Strikes out swinging
Batting: RHB Dale O'Feennaghty 0-0: Ball
1-0: Ball
2-0: Fly out, F9 (Flyball, 89M)
Top of the 2nd over - 0 run(s), 0 hit(s), 0 error(s), 0 left on base; Memphis 0 - West Palm 3
BOTTOM OF THE 2ND
West Palm Reds batting - Pitching for Memphis Blues : RHP Kunihiko Daikawa
Batting: LHB Bill Smith 0-0: Called Strike
0-1: Foul Ball, location: 2F
0-2: Ball
1-2: Strikes out swinging
Batting: SHB Alex Hayes 0-0: Ball
1-0: Fly out, F7 (Flyball, 78S)
Batting: SHB Francis Shaffer 0-0: Ball
1-0: Swinging Strike
1-1: Ground out 6-3 (Groundball, 6M)
Bottom of the 2nd over - 0 run(s), 0 hit(s), 0 error(s), 0 left on base; Memphis 0 - West Palm 3
TOP OF THE 3RD
Memphis Blues batting - Pitching for West Palm Reds : LHP Pat Candelária
Batting: LHB Kieran Farris 0-0: Ball
1-0: Swinging Strike
1-1: Swinging Strike
1-2: Strikes out swinging
Batting: RHB Jorge Fuentes 0-0: Swinging Strike
0-1: Swinging Strike
0-2: Ball
1-2: Strikes out swinging
Batting: RHB Peyton Pennington 0-0: Called Strike
0-1: Ball
1-1: Ball
2-1: Ball
3-1: Base on Balls
Batting: LHB Félix García 0-0: Ball
1-0: Foul Ball, location: 2F
1-1: Called Strike
Peyton Pennington steals 2nd base
1-2: Foul Ball, location: 2F
1-2: Foul Ball, location: 2F
1-2: Ball
2-2: Foul Ball, location: 2F
2-2: Ball
3-2: Base on Balls
Batting: LHB Arturo Rivera 0-0: Ball
1-0: Ball
2-0: Called Strike
2-1: Fly out, F6 (Popup, 6S)
Top of the 3rd over - 0 run(s), 0 hit(s), 0 error(s), 2 left on base; Memphis 0 - West Palm 3
BOTTOM OF THE 3RD
West Palm Reds batting - Pitching for Memphis Blues : RHP Kunihiko Daikawa
Batting: RHB Juan Vareas 0-0: Called Strike
0-1: Ball
1-1: Fly out, F9 (Flyball, 9LM)
Batting: LHB Enrique Cortéz 0-0: Ball
1-0: Fly out, F7 (Flyball, 7LM)
Batting: LHB Jeff McKinney 0-0: Swinging Strike
0-1: Foul Ball, location: 2F
0-2: Fly out, F7 (Flyball, 78M)
Bottom of the 3rd over - 0 run(s), 0 hit(s), 0 error(s), 0 left on base; Memphis 0 - West Palm 3
TOP OF THE 4TH
Memphis Blues batting - Pitching for West Palm Reds : LHP Pat Candelária
Batting: RHB Sadao Kato 0-0: Ball
1-0: Called Strike
1-1: Foul Ball, location: 2F
1-2: Foul Ball, location: 2F
1-2: Ball
2-2: Ground out 6-3 (Groundball, 6)
Batting: RHB Bob Orr 0-0: SOLO HOME RUN (Flyball, 78XD), Distance : 414 ft
Batting: RHB Glenn Johnson 0-0: Called Strike
0-1: Ball
1-1: Ball
2-1: Ball
3-1: Called Strike
3-2: Strikes out swinging
Batting: RHB Dale O'Feennaghty 0-0: Ball
1-0: Ball
2-0: Called Strike
2-1: Ground out 5-3 (Groundball, 5)
Top of the 4th over - 1 run(s), 1 hit(s), 0 error(s), 0 left on base; Memphis 1 - West Palm 3
BOTTOM OF THE 4TH
West Palm Reds batting - Pitching for Memphis Blues : RHP Kunihiko Daikawa
Batting: SHB Todd Smith 0-0: Called Strike
0-1: SINGLE (Flyball, 9S)
Batting: RHB Jack Ray 0-0: Ball
1-0: Ball
2-0: Called Strike
2-1: Swinging Strike
2-2: Foul Ball, location: 2F
2-2: Strikes out looking
Batting: LHB Jeff Doss 0-0: Ball
1-0: 2-RUN HOME RUN (Flyball, 89XD), Distance : 434 ft
Batting: LHB Bill Smith 0-0: Ball
1-0: Ground out 4-3 (Groundball, 34)
Batting: SHB Alex Hayes 0-0: Ball
1-0: Foul Ball, location: 2F
1-1: Ground out 5-3 (Groundball, 56S)
Bottom of the 4th over - 2 run(s), 2 hit(s), 0 error(s), 0 left on base; Memphis 1 - West Palm 5
TOP OF THE 5TH
Memphis Blues batting - Pitching for West Palm Reds : LHP Pat Candelária
Batting: LHB Kieran Farris 0-0: Swinging Strike
0-1: Ball
1-1: Swinging Strike
1-2: Ball
2-2: Ball
3-2: Strikes out swinging
Batting: RHB Jorge Fuentes 0-0: Called Strike
0-1: Ball
1-1: DOUBLE (Line Drive, 7LS)
Batting: RHB Peyton Pennington 0-0: Ball
1-0: Called Strike
1-1: Ball
2-1: Ground out 5-3 (Groundball, 5L)
Batting: LHB Félix García 0-0: Called Strike
0-1: Ball
1-1: Ball
2-1: Foul Ball, location: 2F
2-2: Strikes out swinging
Top of the 5th over - 0 run(s), 1 hit(s), 0 error(s), 1 left on base; Memphis 1 - West Palm 5
BOTTOM OF THE 5TH
West Palm Reds batting - Pitching for Memphis Blues : RHP Kunihiko Daikawa
Batting: SHB Francis Shaffer 0-0: Ball
1-0: Called Strike
1-1: Ground out U3 (Groundball, 3S)
Batting: RHB Juan Vareas 0-0: Ball
1-0: Ball
2-0: Ball
3-0: Base on Balls
Batting: LHB Enrique Cortéz 0-0: Fly out, F8 (Flyball, 8LM)
Batting: LHB Jeff McKinney 0-0: Ball
1-0: DOUBLE (Groundball, 3D)
Juan Vareas to third
Batting: SHB Todd Smith 0-0: Foul Ball, location: 2F
0-1: Called Strike
0-2: Ball
1-2: Ball
2-2: Ball
3-2: Base on Balls
Batting: RHB Jack Ray 0-0: Ball
1-0: Ball
2-0: Swinging Strike
2-1: Ground out 4-3 (Groundball, 4)
Bottom of the 5th over - 0 run(s), 1 hit(s), 0 error(s), 3 left on base; Memphis 1 - West Palm 5
TOP OF THE 6TH
Memphis Blues batting - Pitching for West Palm Reds : LHP Pat Candelária
Batting: LHB Arturo Rivera 0-0: Foul Ball, location: 2F
0-1: Foul Ball, location: 2F
0-2: Foul Ball, location: 2F
0-2: Foul Ball, location: 2F
0-2: Foul Ball, location: 2F
0-2: Ball
1-2: Strikes out looking
Pitching: RHP Carlos Gonzáles
Batting: RHB Sadao Kato 0-0: Ground out 6-3 (Groundball, 6)
Batting: RHB Bob Orr 0-0: Ball
1-0: Foul Ball, location: 2F
1-1: Swinging Strike
1-2: Ball
2-2: SINGLE (Groundball, 5D)
Batting: RHB Glenn Johnson 0-0: Called Strike
0-1: Foul Ball, location: 2F
0-2: Ground out 6-3 (Groundball, 6)
Top of the 6th over - 0 run(s), 1 hit(s), 0 error(s), 1 left on base; Memphis 1 - West Palm 5
BOTTOM OF THE 6TH
West Palm Reds batting - Pitching for Memphis Blues : RHP Kunihiko Daikawa
Pitching: RHP Lee Donahue
Batting: LHB Jeff Doss 0-0: Called Strike
0-1: Ball
1-1: Ball
2-1: Fly out, F8 (Flyball, 8RXD)
Batting: LHB Bill Smith 0-0: Ball
1-0: Called Strike
1-1: Called Strike
1-2: Ground out 4-3 (Groundball, 4)
Batting: SHB Alex Hayes 0-0: Ball
1-0: Ball
2-0: SINGLE (Groundball, 13) (infield hit)
Batting: SHB Francis Shaffer Pickoff Throw to First - Out!
Bottom of the 6th over - 0 run(s), 1 hit(s), 0 error(s), 0 left on base; Memphis 1 - West Palm 5
TOP OF THE 7TH
Memphis Blues batting - Pitching for West Palm Reds : RHP Carlos Gonzáles
Batting: RHB Dale O'Feennaghty 0-0: Swinging Strike
0-1: Ball
1-1: SINGLE (Line Drive, 9LS)
Batting: LHB Kieran Farris 0-0: Foul Ball, location: 2F
0-1: Swinging Strike
0-2: Fly out, F9 (Flyball, 9M)
Batting: RHB Jorge Fuentes 0-0: Ball
1-0: Ball
2-0: Ground out 4-3 (Groundball, 4S)
Dale O'Feennaghty to second
Batting: RHB Peyton Pennington 0-0: Called Strike
0-1: Foul Ball, location: 2F
0-2: Fly out, F7 (Line Drive, 7D)
Top of the 7th over - 0 run(s), 1 hit(s), 0 error(s), 1 left on base; Memphis 1 - West Palm 5
BOTTOM OF THE 7TH
West Palm Reds batting - Pitching for Memphis Blues : RHP Lee Donahue
Batting: SHB Francis Shaffer 0-0: Swinging Strike
0-1: Ball
1-1: Foul Ball, location: 2F
1-2: SINGLE (Groundball, 34D)
Batting: RHB Juan Vareas 0-0: Bunted foul
0-1: Bunted foul
0-2: Fly out, F8 (Flyball, 8RM)
Batting: LHB Enrique Cortéz 0-0: Fly out, F7 (Flyball, 7M)
Batting: LHB Jeff McKinney 0-0: Ball
Francis Shaffer steals 2nd base
1-0: Called Strike
1-1: Ball
2-1: Ball
3-1: Fly out, F8 (Flyball, 8LM)
Bottom of the 7th over - 0 run(s), 1 hit(s), 0 error(s), 1 left on base; Memphis 1 - West Palm 5
TOP OF THE 8TH
Memphis Blues batting - Pitching for West Palm Reds : RHP Carlos Gonzáles
Batting: LHB Félix García 0-0: Ball
1-0: Ground out 4-3 (Groundball, 4)
Pitching: RHP Javier Valenzuela
Batting: LHB Arturo Rivera 0-0: Ball
1-0: Ball
2-0: Called Strike
2-1: Ball
3-1: Fly out, F7 (Flyball, 7S)
Batting: RHB Sadao Kato 0-0: Swinging Strike
0-1: Hit by Pitch
Batting: RHB Bob Orr 0-0: Foul Ball, location: 2F
0-1: Foul Ball, location: 2F
0-2: Ball
1-2: Foul Ball, location: 2F
1-2: SINGLE (Line Drive, 9S)
Sadao Kato to second
Batting: RHB Glenn Johnson 0-0: Ball
1-0: Ball
2-0: Called Strike
2-1: Ground out 5-3 (Groundball, 56S)
Top of the 8th over - 0 run(s), 1 hit(s), 0 error(s), 2 left on base; Memphis 1 - West Palm 5
BOTTOM OF THE 8TH
West Palm Reds batting - Pitching for Memphis Blues : RHP Lee Donahue
Pitching: RHP Randolph Weathersby
Batting: SHB Todd Smith 0-0: Called Strike
0-1: Ball
1-1: Ground out 3-1 (Groundball, 34)
Batting: RHB Jack Ray 0-0: Fly out, F9 (Flyball, 89M)
Batting: LHB Jeff Doss 0-0: Ball
1-0: Ball
2-0: SINGLE (Groundball, 56D)
Batting: LHB Bill Smith 0-0: Ball
1-0: Foul Ball, location: 2F
1-1: Ball
2-1: Fly out, F6 (Popup, 6D)
Bottom of the 8th over - 0 run(s), 1 hit(s), 0 error(s), 1 left on base; Memphis 1 - West Palm 5
TOP OF THE 9TH
Memphis Blues batting - Pitching for West Palm Reds : RHP Javier Valenzuela
Batting: RHB Dale O'Feennaghty 0-0: Ball
1-0: SINGLE (Groundball, 56D)
Batting: LHB Kieran Farris 0-0: Called Strike
0-1: Foul Ball, location: 2F
0-2: Strikes out swinging
Batting: RHB Jorge Fuentes 0-0: Swinging Strike
0-1: Foul Ball, location: 2F
0-2: Ball
1-2: SINGLE (Groundball, 4MD)
Dale O'Feennaghty to second
Pitching: RHP Kei Hashimoto
Batting: RHB Peyton Pennington 0-0: Ball
1-0: Foul Ball, location: 2F
1-1: Ball
2-1: Ball
3-1: Foul Ball, location: 2F
3-2: Strikes out swinging
Batting: LHB Félix García 0-0: Ball
1-0: Foul Ball, location: 2F
1-1: Fielders Choice at 2nd, U6 (Groundball, 6M)
Top of the 9th over - 0 run(s), 2 hit(s), 0 error(s), 2 left on base; Memphis 1 - West Palm 5
This league is powered by Out of the Park Baseball, the baseball management simulation game for PC, Mac and Linux
Wednesday, December 2nd, 2015 - OOTP Baseball 16.8 Build 38